 Dungeon Crawl Stone Soup version 0.27.1-1-g398f81649c (webtiles) character file.

Game seed: 12646880533634280158

77 speeev33 the Skirmisher (level 4, -1/40 HPs)
             Began as a Hill Orc Fighter on Sept 7, 2021.
             Killed by divine providence
             ... invoked by an orc priest
              (15 damage)
             ... on level 3 of the Dungeon.
             The game lasted 00:02:23 (2589 turns).

speeev33 the Skirmisher (Hill Orc Fighter)          Turns: 2589, Time: 00:02:27

Health: -1/40      AC:  9    Str: 19    XL:     4   Next: 33%
Magic:  4/4        EV:  7    Int: 14    God:
Gold:   65         SH:  9    Dex: 10    Spells: 3/3 levels left

rFire    . . .     SeeInvis .   a - +1 war axe
rCold    . . .     Faith    .   c - +0 kite shield
rNeg     . . .     Spirit   .   b - +0 scale mail
rPois    .         Reflect  .   f - +1 hat
rElec    .         Harm     .   (no cloak)
rCorr    .         Rampage  .   j - +0 pair of gloves
Will     .....                  (no boots)
Stlth    ..........             (no amulet)
HPRegen  0.13/turn              e - +6 ring of intelligence
MPRegen  0.09/turn              (no ring)

@: no status effects
A: no striking features
a: Convert to Beogh


You were on level 3 of the Dungeon.
You visited 1 branch of the dungeon, and saw 3 of its levels.

You collected 65 gold pieces.

Inventory:

Hand Weapons
 a - a +1 war axe (weapon)
 h - a +1 vorpal flail
Armour
 b - a +0 scale mail (worn)
 c - a +0 kite shield (worn)
 f - a +1 hat (worn)
 j - a +0 pair of gloves (worn)
Jewellery
 e - a +6 ring of intelligence (left hand)
Scrolls
 g - 2 scrolls of identify
Potions
 d - a potion of might
 i - 2 potions of attraction {unknown}
 k - a potion of degeneration {unknown}


   Skills:
 + Level 4.3 Fighting
 + Level 3.8 Axes
 + Level 4.0 Armour
 + Level 3.9 Shields


You had 3 spell levels left.
You didn't know any spells.
Your spell library contained the following spells:

 Spells                   Type           Power      Damage    Failure   Level
 Freeze                   Ice            0%         1d3       98%         1
 Frozen Ramparts          Ice            0%         1d2       100%        3
 Ozocubu's Armour         Ice            0%         N/A       100%        3
 Hailstorm                Conj/Ice       0%         3d3       100%        4
 Metabolic Englaciation   Hex/Ice        0%         N/A       100%        5
 Simulacrum               Ice/Necr       0%         N/A       100%        6


Dungeon Overview and Level Annotations

Branches:
Dungeon (3/15)

Altars:
Yredelemnul


Message History

The worm bites you.
You slash the worm!
The worm is almost dead.
You hit the worm but do no damage.
The worm is almost dead.
You block the worm's attack.
You slash the worm!
You kill the worm!
No target in view!
No target in view!
No target in view!
You see here a worm corpse.
An orc priest comes into view. It is wielding a +0 dagger.
The orc priest shouts, "Join the one true god or die!" (press Y on the ability menu to convert to Beogh)
The orc priest shouts!
You hear a shout! x2
An orc priest comes into view. It is wielding a +0 flail.
You hit the orc priest but do no damage.
You block the orc priest's attack.
You hit the orc priest but do no damage.
The orc priest shouts, "Beogh is our master!
Accept the truth or die!"
The orc priest barely misses you. The orc priest closely misses you.
You slash the orc priest!
The orc priest is heavily wounded.
You block the orc priest's attack.
You barely miss the orc priest.
The orc priest is heavily wounded.
The orc priest hits you but does no damage.
The orc priest calls down the wrath of Beogh upon you.
Beogh smites you!
You closely miss the orc priest.
The orc priest is heavily wounded.
You block the orc priest's attack.
You barely miss the orc priest.
The orc priest is heavily wounded.
The orc priest invokes the aid of Beogh against you.
Beogh smites you!
The orc priest mumbles some strange prayers to Beogh against you.
Beogh smites you!
You die...

........##.#.####.#
########........#.#
#.#.#.##.#.# #.#
...# #.# #.# ..#
#.# #.# .# #.# #†#
..#.# #.########o#
#........@.#
############


You could see an orc priest.

Vanquished Creatures
  A gnoll (D:2)
  An adder (D:2)
  2 worms
  2 dart slugs
  An orc (D:3)
  2 endoplasms
  3 giant cockroaches
  6 goblins
  6 hobgoblins (D:1)
  3 jackals (D:1)
  A quokka (D:3)
  4 ball pythons
  A bat (D:1)
  4 frilled lizards
  6 kobolds
  2 rats (D:1)
45 creatures vanquished.

Vanquished Creatures (others)
  3 gnolls (D:2)
3 creatures vanquished.

Grand Total: 48 creatures vanquished

Notes
Turn   | Place    | Note
-------+----------+-------------------------------------------
     0 | D:1      | speeev33 the Hill Orc Fighter began the quest for the Orb.
     0 | D:1      | Reached XP level 1. HP: 19/19 MP: 1/1
   111 | D:1      | Reached XP level 2. HP: 22/27 MP: 2/2
   316 | D:1      | Reached XP level 3. HP: 29/33 MP: 3/3
   546 | D:1      | Found a faded altar of an unknown god.
  1527 | D:2      | Reached XP level 4. HP: 37/40 MP: 4/4
  1601 | D:2      | Found a basalt altar of Yredelemnul.
  2589 | D:3      | Killed from afar by an orc priest

Illustrated notes

Levels and vault maps discovered:
D:1:      dpeg_arrival_more_subterranean_lakeside_camping, layout_loops_ring,
          hellmonk_ecumenical_altar_leap_of_faith, nrook_uturn
D:2:      layout_loops_ring, basic_altar, lemuel_flame_loot_1
D:3:      layout_basic, mainiacjoe_overflow_cross_hatched, kennysheep_doodads,
          uniq_grinder, uniq_purgy, uniq_jessica

Skill      XL: |  1  2  3  4 |
---------------+-------------+-----
Axes           | 3 |  3.8
Fighting       | 4 |  4.3
Armour         | 4 |  4.0
Shields        | |  3.9

Action                   |  1- 3 |  4- 6 || total
-------------------------+-------+-------++-------
Melee: War axe           |   117 |    34 ||   151
  Use: Scroll            |     4 |     1 ||     5
Armor: Scale mail        |    48 |     9 ||    57
Dodge: Dodged            |    34 |     4 ||    38
Block: Kite shield       |    67 |    17 ||    84
